 Dungeon Crawl Stone Soup version 0.31-a0-716-gc7603755dd (webtiles) character file.

Game seed: 17698826533761258544

141659 mandarbmax the Fencer (level 16, -15/155 HPs)
             Began as a Grey Draconian Monk on Sept 10, 2023.
             Was a High Priest of Trog.
             Killed from afar by a fire dragon (39 damage)
             ... with a blast of flame
             ... on level 4 of the Swamp on Sept 11, 2023.
             The game lasted 01:26:00 (30580 turns).

mandarbmax the Fencer (Grey Draconian Monk)        Turns: 30580, Time: 01:26:00

Health: -15/155    AC: 25    Str: 15    XL:     16   Next: 78%
Magic:  16/16      EV: 22    Int: 11    God:    Trog [*****.]
Gold:   360        SH:  5    Dex: 20    Spells: 15/15 levels left

rFire   x . .        d - +4 great sword (heavy)
rCold   . . .        (shield currently unavailable)
rNeg    . . .        (body armour unavailable)
rPois   .            i - +2 hat
rElec   .            w - +2 cloak
rCorr   +            V - +2 pair of gloves {Stlth+}
SInv    .            y - +2 pair of boots
Will    +....        X - amulet of Sushag {Reflect rF- rCorr Slay+2 SH+5}
Stlth   +++++        (no ring)
HPRegen 0.45/turn    I - ring of flight
MPRegen 0.15/turn

%: reflection
@: flying, studying Fighting
A: AC +14, amphibious, unfitting armour, cold-blooded
a: Renounce Religion, Berserk, Trog's Hand, Brothers in Arms


You were on level 4 of the Swamp.
You worshipped Trog.
Trog was extremely pleased with you.
You visited 5 branches of the dungeon, and saw 27 of its levels.
You also visited: Ossuary, Bailey and Gauntlet.

You collected 2517 gold pieces.
You spent 2157 gold pieces at shops.

Inventory:

Hand Weapons
 d - a +4 heavy great sword (weapon)
 G - a +2 triple sword of holy wrath
 U - a +2 great sword of flaming
Missiles
 H - 8 boomerangs (quivered)
 J - 5 curare-tipped darts
 K - 3 atropa-tipped darts
 P - 3 throwing nets
 W - 9 silver javelins
Armour
 i - a +2 hat (worn)
 w - a +2 cloak (worn)
 y - a +2 pair of boots (worn)
 V - a +2 pair of gloves of stealth (worn)
Jewellery
 a - a ring of poison resistance
 m - a ring of positive energy
 n - a ring of protection from cold
 E - a +4 ring of protection
 I - a ring of flight (right hand)
 Q - a ring of protection from fire
 S - a ring of protection from fire
 X - the amulet of Sushag (around neck) {Reflect rF- rCorr Slay+2 SH+5}
   (You took it off a minotaur in a Gauntlet)

   [amulet of reflection]

   Reflect:   It reflects blocked missile attacks.
   Slay+2:    It affects your accuracy & damage with ranged weapons and melee
   (+2).
   rF-:       It makes you vulnerable to fire.
   rCorr:     It protects you from acid and corrosion.
   SH+5:      It affects your SH (+5).
Wands
 e - a wand of flame (18)
 j - a wand of light (7)
 s - a wand of roots (55)
 C - a wand of charming (11)
 O - a wand of polymorph (4)
 Y - a wand of mindburst (41)
Scrolls
 c - 3 scrolls of revelation
 g - 15 scrolls of teleportation
 l - 8 scrolls of blinking
 o - a scroll of silence
 q - 7 scrolls of fog
 r - 3 scrolls of brand weapon
 u - 4 scrolls of immolation
 v - a scroll of poison
 F - 3 scrolls of torment
 R - 2 scrolls of fear
 T - 2 scrolls of vulnerability
Potions
 b - 2 potions of ambrosia
 f - 3 potions of enlightenment
 h - 6 potions of attraction
 k - 4 potions of cancellation
 p - 10 potions of haste
 t - 4 potions of berserk rage
 x - a potion of might
 z - 2 potions of mutation
 A - 4 potions of brilliance
 B - 3 potions of magic
 D - a potion of resistance
 L - a potion of lignification
 M - a potion of invisibility
 N - 7 potions of heal wounds
 Z - 7 potions of curing


   Skills:
 * Level 17.1 Fighting
 * Level 20.9 Long Blades
 + Level 6.5 Throwing
 + Level 13.5 Dodging
 + Level 7.0 Stealth


You had 15 spell levels left.
You didn't know any spells.
Your spell library contained the following spells:

 Spells                   Type           Power      Damage    Failure   Level
 Apportation              Tloc           0%         N/A       34%         1
 Magic Dart               Conj           0%         1d3       34%         1
 Necrotise                Necr           0%         1d4       34%         1
 Summon Small Mammal      Summ           0%         N/A       34%         1
 Cigotuvi's Dreadful Rot  Necr/Pois/Air  0%         N/A       47%         2
 Ensorcelled Hibernation  Hex/Ice        0%         N/A       47%         2
 Jinxbite                 Hex            0%         N/A       47%         2
 Searing Ray              Conj           0%         2d4       47%         2
 Sublimation of Blood     Necr           0%         N/A       47%         2
 Ignite Poison            Fire/Tmut/Pois 0%         N/A       71%         3
 Anguish                  Hex/Necr       0%         N/A       98%         4
 Animate Dead             Necr           0%         N/A       98%         4
 Fulminant Prism          Conj/Hex       0%         3d5       98%         4
 Petrify                  Tmut/Erth      0%         N/A       98%         4
 Borgnjor's Vile Clutch   Necr/Erth      0%         N/A       100%        5
 Freezing Cloud           Conj/Ice/Air   0%         6-21      100%        5
 Irradiate                Conj/Tmut      0%         3d11      100%        5
 Death Channel            Necr           0%         N/A       100%        6


Dungeon Overview and Level Annotations

Branches:
Dungeon (15/15)            Temple (1/1) D:7            Lair (5/5) D:11
  Swamp (4/4) Lair:3       Spider (0/4) Lair:2        Slime (0/5) Lair:4
    Orc (2/2) D:12            Elf (0/3) Orc:2        Vaults (0/5) D:13
 Depths (0/4) D:15        Ossuary (visited)          Bailey (visited)
Gauntlet (visited)

Altars:
Ashenzari
Cheibriados
Dithmenos
Elyvilon
Fedhas
Gozag
Hepliaklqana
Kikubaaqudgha
Makhleb
Nemelex Xobeh
Okawaru
Qazlal
Ru
Sif Muna
Trog
Uskayaw
Vehumet
Wu Jian
Xom
Yredelemnul
Zin
The Shining One

Shops:
D:7 *   D:9 [   D:13 :   D:15 ?*?   Orc:2 [(*=


Innate Abilities, Weirdness & Mutations

Your dull iron-grey scales are very hard. (AC +14)
You are amphibious.
You cannot fit into any form of body armour.
You are cold-blooded and may be slowed by cold attacks.


Message History

Your iron troll bites the lindwurm!!!
Your iron troll claws the lindwurm!
Your iron troll claws the lindwurm.
The lindwurm dies!
Trog accepts your kill.
You feel much better. The fire dragon breathes flames at you.
The blast of flame hits the fire crab.
The fire crab completely resists.
The blast of flame hits your iron troll!
Your iron troll resists.
The blast of flame hits you!!! The fire burns you terribly!
* * * LOW HITPOINT WARNING * * *
The fire crab breathes flames at you.
The blast of flame engulfs your iron troll.
Your iron troll resists.
Your iron troll is engulfed in blazing flames.
Your iron troll bites the fire crab!!!
Your iron troll claws the fire crab. x2
You hear a deafening roar!
You hear a roar!
You hear a deafening roar! x2
You hear a roar!
The fire crab bites your iron troll but does no damage.
The fire crab claws your iron troll!
Your iron troll is engulfed in flames.
Your iron troll resists.
Your iron troll is engulfed in blazing flames.
Your iron troll bites the fire crab!!
The fire crab dies!
Trog accepts your kill.
Your Stealth skill increases to level 7!
A fire dragon comes into view.
Your iron troll is engulfed in blazing flames.
Your iron troll closely misses the fire dragon.
Your iron troll claws the fire dragon!
Your iron troll closely misses the fire dragon.
You're wearing all the rings you can.
Remove which one? (? for menu, Esc to cancel) < or
a - a ring of poison resistance; > or
I - a ring of flight You remove your ring of poison resistance.
The fire dragon breathes flames at you.
The blast of flame hits your iron troll!
Your iron troll resists.
The blast of flame hits you!!! The fire burns you terribly!
You die...

♣♣♣♣♣.~~~..~♣~...~ ..♣
♣♣.♣♣....~~.~♣ ♣
..♣♣♣..♣.~~....♣♣ ..
♣...~.♣....♣♣♣♣
.♣♣♣.~~~.~.~~.....
.~.~~~...†~~~~~~.
♣.~~~.~~~~~~~~~.♣
♣♣...♣~§~§~~~.~♣♣ ♣♣
♣♣.@~♣†~~~~~.♣♣♣
♣~~♣[§.~~~~~~~~.~♣
♣.~[).§~~~~~~~..<♣ ~
.)..w.♣T~~~~~~~..♣♣♣...
§~~..§D.~~~~.~♣.~.~♣§~§
.~~.♣§♣##♣~~~♣♣~~.).~~~
..~~D# #♣~~......~~~~
♣♣♣~♣ #♣.♣♣.~.~~~~~ #♣
♣...^.~~.~~~


You could see 2 fire dragons, a swamp worm and a friendly iron troll (summoned,
berserk).

Vanquished Creatures
  The ghost of Sirjeffry24 the Crack Shot, an adept MiHu of Cheibriados (Swamp:2)
  Kirke (Lair:3)
  Louise (D:14)
  2 orc warlords
  An ironbound preserver (D:13)
  Nessos (D:14)
  A minotaur (Gauntlet)
  4 eleionomae
  4 bunyips
  A dire elephant (D:15)
  Snorg (D:13)
  An entropy weaver (Gauntlet)
  A great orb of eyes (D:15)
  Josephine (Orc:1)
  Fannar (Orc:1)
  3 ghost crabs (Swamp:3)
  A catoblepas (Gauntlet)
  17 hydras
  5 centaur warriors
  7 alligators
  A rakshasa (D:13)
  4 tengu warriors
  4 two-headed ogres
  A boulder beetle (Orc:2)
  Urug (Lair:4)
  4 orc high priests
  3 spriggans
  Nergalle (Lair:2)
  Sonja (D:13)
  3 skeletal warriors (D:13)
  3 skysharks
  7 goliath frogs
  4 spriggan druids
  5 bog bodies
  7 swamp dragons
  5 orc knights
  A deep elf zephyrmancer (Bailey)
  A deep elf pyromancer (D:12)
  A wolf spider (Gauntlet)
  10 cyclopes
  3 will-o-the-wisps
  13 ugly things
  7 orc sorcerers
  6 manticores
  A guardian serpent (shapeshifter) (D:13)
  21 elephants
  3 slime creatures (D:13)
  A black mamba (shapeshifter) (D:15)
  4 black mambas
  An eye of devastation (Lair:4)
  Jeremiah (D:7)
  2 molten gargoyles (Lair:3)
  A torpor snail (Lair:5)
  16 cane toads
  2 rime drakes
  Maggie (D:7)
  11 komodo dragons
  A kobold demonologist (D:11)
  3 efreet
  A gargoyle (Gauntlet)
  Psyche (D:8)
  14 trolls
  A polar bear (Lair:5)
  Prince Ribbit (D:8)
  3 hornets
  7 tyrant leeches
  21 blink frogs
  2 centaur simulacra (Gauntlet)
  2 shadows
  A vampire (D:10)
  5 jumping spiders
  6 wraiths
  A water elemental (D:15)
  7 wyverns
  58 yaks
  A hog (shapeshifter) (D:15)
  8 basilisks
  A redback (Lair:2)
  10 vampire mosquitoes
  5 steam dragons
  5 wargs
  2 acid dragons
  14 swamp worms
  Duvessa (D:5)
  A floating eye (Lair:4)
  13 water moccasins
  12 swamp drakes
  33 orc warriors
  Pargi (D:3)
  3 ice beasts
  A black bear (D:6)
  6 centaurs
  21 wolves
  4 ogres
  A phantom (D:5)
  5 kobold brigands
  An elf zombie (Ossuary)
  26 bullfrogs
  A gnoll sergeant (D:6)
  4 scorpions
  A hornet simulacrum (Gauntlet)
  23 wights
  Dowan (D:5)
  5 killer bees (D:9)
  A howler monkey (D:7)
  2 electric eels
  5 lava snakes (Lair:3)
  2 hounds (D:5)
  2 human zombies (Ossuary)
  3 jellies
  22 orc priests
  A gnoll bouda (D:9)
  3 iguanas
  3 sleepcaps
  19 orc wizards
  A hound zombie (Ossuary)
  4 mummies (Ossuary)
  5 gnolls
  9 adders
  2 shadow imps
  3 ufetubi
  An adder zombie (Ossuary)
  3 worms
  70 orcs
  5 endoplasms
  3 giant cockroaches
  16 goblins
  6 hobgoblins
  6 jackals (D:3)
  3 quokkas
  8 ball pythons
  5 bats
  5 frilled lizards
  A goblin zombie (Ossuary)
  A jackal zombie (Ossuary)
  25 kobolds
  A kobold zombie (Ossuary)
  3 orc zombies (Ossuary)
  3 rats
  A rat zombie (Ossuary)
814 creatures vanquished.

Vanquished Creatures (collateral kills)
  A fire crab (Swamp:4)
  A lindwurm (Swamp:4)
  A warg (Orc:1)
  A gnoll (D:6)
4 creatures vanquished.

Vanquished Creatures (others)
  A hydra (Swamp:3)
  An alligator (Swamp:3)
  A bog body (Swamp:3)
  2 bloated husks (Swamp:3)
  A human (shapeshifter) (D:13)
  A water moccasin (Lair:3)
  A swamp drake (Swamp:3)
8 creatures vanquished.

Grand Total: 826 creatures vanquished

Notes
Turn   | Place    | Note
-------+----------+-------------------------------------------
     0 | D:1      | mandarbmax the Draconian Monk began the quest for the Orb.
     0 | D:1      | Reached XP level 1. HP: 19/19 MP: 1/1
   164 | D:1      | Reached XP level 2. HP: 13/26 MP: 2/2
   440 | D:1      | Found a faded altar of an unknown god.
   969 | D:2      | Reached skill level 4 in Long Blades
   969 | D:2      | Reached XP level 3. HP: 31/31 MP: 3/3
  1192 | D:2      | Found a radiant altar of Vehumet.
  1333 | D:2      | Reached XP level 4. HP: 38/38 MP: 4/4
  1722 | D:2      | Reached skill level 5 in Long Blades
  1764 | D:2      | Reached XP level 5. HP: 33/45 MP: 5/5
  2009 | D:3      | Found a shadowy altar of Dithmenos.
  2067 | D:3      | Noticed Pargi
  2135 | D:3      | Killed Pargi
  2136 | D:3      | Reached skill level 6 in Long Blades
  2136 | D:3      | Reached XP level 6. HP: 36/51 MP: 6/6
  2531 | D:4      | Found a white marble altar of Elyvilon.
  2802 | D:4      | Found an ornate altar of the Wu Jian Council.
  2873 | D:4      | Reached skill level 7 in Long Blades
  3129 | D:4      | Found a stormy altar of Qazlal.
  3132 | D:4      | Found a glowing golden altar of the Shining One.
  3137 | D:4      | Found a blossoming altar of Fedhas.
  3261 | D:5      | Entered Level 5 of the Dungeon
  3587 | D:5      | Reached skill level 8 in Long Blades
  3587 | D:5      | Your scales start taking on a dull iron-grey colour.
  3587 | D:5      | Reached XP level 7. HP: 57/57 MP: 7/7
  3601 | D:5      | Noticed Dowan
  4011 | D:5      | Noticed Duvessa
  4034 | D:5      | Killed Duvessa
  4035 | D:5      | Reached skill level 9 in Long Blades
  4057 | D:5      | Killed Dowan
  4539 | D:6      | Reached XP level 8. HP: 56/63 MP: 8/8
  4572 | D:6      | Reached skill level 10 in Long Blades
  4777 | D:6      | Found a sand-covered staircase.
  4786 | Ossuary  | Entered an ossuary
  5161 | D:6      | Reached skill level 11 in Long Blades
  5769 | D:7      | Noticed a troll
  5997 | D:6      | Killed a troll
  5998 | D:6      | Reached XP level 9. HP: 36/71 MP: 9/9
  6087 | D:6      | Reached skill level 12 in Long Blades
  6418 | D:7      | Noticed Jeremiah
  6428 | D:7      | Noticed Maggie
  6429 | D:7      | Killed Jeremiah
  6430 | D:7      | Reached skill level 5 in Fighting
  6447 | D:7      | Killed Maggie
  6692 | D:7      | Found a glowing silver altar of Zin.
  6728 | D:7      | Reached skill level 5 in Dodging
  6837 | D:7      | Found a staircase to the Ecumenical Temple.
  6880 | Temple   | Entered the Ecumenical Temple
  6900 | Temple   | Became a worshipper of Trog the Wrathful
  6900 | Temple   | Reached * piety under Trog
  6900 | Temple   | Reached ** piety under Trog
  7197 | D:7      | Found Oqaodd's Island Escapes.
  7205 | D:7      | Bought a potion of invisibility for 128 gold pieces
  7205 | D:7      | Bought a scroll of blinking for 120 gold pieces
  7205 | D:7      | Bought a scroll of blinking for 120 gold pieces
  7431 | D:8      | Reached XP level 10. HP: 79/84 MP: 10/10
  7549 | D:8      | Noticed Prince Ribbit
  7574 | D:8      | Killed Prince Ribbit
  7661 | D:8      | Noticed a two-headed ogre
  7670 | D:8      | Killed a two-headed ogre
  7671 | D:8      | Reached skill level 13 in Long Blades
  7716 | D:8      | You are sucked into a shaft and drop 2 floors!
  7716 | D:10     | Entered Level 10 of the Dungeon
  7832 | D:9      | Identified a scroll of acquirement
  7832 | D:9      | Acquired a +2 triple sword of holy wrath
  7896 | D:9      | Found a flagged portal.
  7914 | Bailey   | Entered a bailey
  8035 | Bailey   | Noticed an orc knight
  8054 | Bailey   | Killed an orc knight
  8179 | Bailey   | Found a large runed translucent door.
  8179 | Bailey   | Found a large runed translucent door.
  8180 | Bailey   | Noticed a deep elf zephyrmancer
  8266 | Bailey   | Killed a deep elf zephyrmancer
  8282 | Bailey   | Identified the +0 ring mail "Kungodgh" {Int+3 Dex+3}
  8427 | D:9      | Reached XP level 11. HP: 95/95 MP: 11/11
  8644 | D:9      | Reached *** piety under Trog
  8753 | D:9      | Found Nenley's Antique Armour Emporium.
  8979 | D:9      | Found a burning altar of Makhleb.
  9228 | D:8      | Noticed Psyche
  9234 | D:8      | Killed Psyche
  9496 | D:8      | Found a shimmering altar of Xom.
  9497 | D:8      | Found a hazy altar of Hepliaklqana.
  9802 | D:10     | Reached skill level 14 in Long Blades
  9955 | D:10     | Noticed a two-headed ogre
  9964 | D:10     | Killed a two-headed ogre
 10113 | D:10     | Noticed a +0 falchion
 10113 | D:10     | Noticed a +0 falchion
 10114 | D:10     | Noticed a +0 spear
 10115 | D:10     | Noticed a +0 dagger
 10242 | D:10     | Found a hide-covered altar of Uskayaw.
 10243 | D:10     | Noticed a +0 dagger
 10245 | D:10     | Noticed a +0 short sword
 10245 | D:10     | Noticed a +0 spear
 10246 | D:10     | Noticed a +0 short sword
 10423 | D:11     | Found a staircase to the Lair.
 10482 | D:11     | Reached skill level 10 in Fighting
 10841 | D:11     | Noticed a two-headed ogre
 10850 | D:11     | Killed a two-headed ogre
 11148 | D:11     | Noticed a two-headed ogre
 11155 | D:11     | Killed a two-headed ogre
 11162 | D:11     | Noticed a sixfirhy
 11171 | D:11     | Reached skill level 15 in Long Blades
 11242 | D:11     | Found a shimmering altar of Xom.
 11431 | D:12     | Found a staircase to the Orcish Mines.
 11473 | D:12     | Found a gate leading to a gauntlet.
 11482 | D:12     | Reached XP level 12. HP: 107/107 MP: 12/12
 11497 | Gauntlet | Entered a Gauntlet
 11497 | Gauntlet | Found a transporter.
 11497 | Gauntlet | Found a transporter.
 11497 | Gauntlet | Found a transporter.
 11509 | Gauntlet | Found a transporter.
 11512 | Gauntlet | Found a transporter.
 11514 | Gauntlet | Noticed a catoblepas
 11520 | Gauntlet | Found a transporter.
 11534 | Gauntlet | Found a transporter.
 11539 | Gauntlet | Noticed an entropy weaver
 11546 | Gauntlet | Found a transporter.
 11560 | Gauntlet | Found a large runed translucent door.
 11561 | Gauntlet | Found a large runed translucent door.
 11562 | Gauntlet | Found a large runed translucent door.
 11562 | Gauntlet | Found a large runed translucent door.
 11563 | Gauntlet | Found a runed translucent gate.
 11564 | Gauntlet | Found a transporter.
 11564 | Gauntlet | Found a runed translucent gate.
 11565 | Gauntlet | Found a runed translucent gate.
 11566 | Gauntlet | Found a large runed translucent door.
 11566 | Gauntlet | Found a large runed translucent door.
 11567 | Gauntlet | Found a large runed translucent door.
 11568 | Gauntlet | Found a large runed translucent door.
 11578 | Gauntlet | Found a large runed translucent door.
 11578 | Gauntlet | Found a large runed translucent door.
 11578 | Gauntlet | Found a runed translucent door.
 11578 | Gauntlet | Found a runed translucent door.
 11579 | Gauntlet | Found a large runed translucent door.
 11580 | Gauntlet | Found a large runed translucent door.
 11582 | Gauntlet | Found a transporter.
 11585 | Gauntlet | Found a transporter.
 11589 | Gauntlet | Found a large runed translucent door.
 11589 | Gauntlet | Found a large runed translucent door.
 11590 | Gauntlet | Found a large runed translucent door.
 11591 | Gauntlet | Found a large runed translucent door.
 11601 | Gauntlet | Found a transporter.
 11917 | Gauntlet | Killed a catoblepas
 12071 | Gauntlet | Killed an entropy weaver
 12176 | Gauntlet | Identified the amulet of Sushag {Reflect rF- rCorr Slay+2
                  | SH+5}
 12176 | Gauntlet | Noticed a minotaur
 12186 | Gauntlet | Killed a minotaur
 12191 | Gauntlet | Identified the +2 ring mail of Wecsysm {-Cast rPois rN++
                  | Will+}
 12897 | Lair:1   | Entered Level 1 of the Lair of Beasts
 13223 | Lair:1   | Reached skill level 16 in Long Blades
 13538 | Lair:1   | Reached **** piety under Trog
 13667 | Lair:1   | You are sucked into a shaft and drop 1 floor!
 13712 | Lair:2   | Noticed Nergalle
 13729 | Lair:2   | Killed Nergalle
 13774 | Lair:2   | Found a hole to the Spider Nest.
 13777 | Lair:2   | Reached skill level 10 in Dodging
 13894 | Lair:2   | Noticed an eight-headed hydra
 13902 | Lair:2   | Killed a five-headed hydra
 13973 | Lair:2   | Reached XP level 13. HP: 118/118 MP: 13/13
 14701 | Lair:3   | Found a shadowy altar of Dithmenos.
 14716 | Lair:3   | Reached skill level 17 in Long Blades
 14962 | Lair:3   | Found a staircase to the Swamp.
 14962 | Lair:3   | Noticed an eleionoma
 14988 | Lair:3   | Killed an eleionoma
 14994 | Lair:3   | Noticed Kirke
 15028 | Lair:3   | Killed Kirke
 15456 | Lair:3   | Reached ***** piety under Trog
 17054 | Lair:4   | Noticed Urug
 17066 | Lair:4   | Reached skill level 18 in Long Blades
 17077 | Lair:4   | Killed Urug
 17292 | Lair:4   | Reached XP level 14. HP: 99/129 MP: 14/14
 17528 | Lair:4   | Found a staircase to the Slime Pits.
 17530 | Lair:4   | Paralysed by a floating eye for 4 turns
 17752 | Lair:4   | Found the +10 Black Knight's barding {ponderous, rPois rN+}
 18083 | Lair:5   | Entered Level 5 of the Lair of Beasts
 18931 | Lair:5   | Received a gift from Trog
 19361 | Lair:5   | Identified the +2 falchion "Qexolah" {flame, Str+5 Int-5}
 19412 | Lair:5   | Reached skill level 19 in Long Blades
 20001 | Orc:1    | Entered Level 1 of the Orcish Mines
 20102 | Orc:2    | Entered Level 2 of the Orcish Mines
 20102 | Orc:2    | Noticed an orc warlord
 20102 | Orc:2    | Found Luyrok's General Store.
 20118 | Orc:2    | Killed an orc warlord
 20244 | Orc:1    | Reached skill level 1 in Throwing
 20244 | Orc:1    | Reached skill level 1 in Stealth
 20463 | Orc:2    | Found a staircase to the Elven Halls.
 20577 | Orc:1    | Noticed Fannar
 20608 | Orc:1    | Killed Fannar
 20955 | Orc:1    | Noticed Josephine
 20969 | Orc:1    | Killed Josephine
 21050 | Orc:1    | Received a gift from Trog
 21265 | Orc:1    | Found a transporter.
 21284 | Orc:1    | Found a transporter.
 21285 | Orc:1    | Found an ornate altar of the Wu Jian Council.
 21285 | Orc:1    | Noticed an orc warlord
 21311 | Orc:1    | Found a transporter.
 21317 | Orc:1    | Found an ornate altar of the Wu Jian Council.
 21322 | Orc:1    | Found a transporter.
 21455 | Orc:1    | Reached XP level 15. HP: 132/139 MP: 15/15
 22602 | Orc:2    | Found Beubaca's Antique Armour Shoppe.
 22691 | Orc:2    | Found Toevvin's Antique Weapon Emporium.
 22735 | Orc:2    | Found Ujubodoe's Jewellery Emporium.
 23149 | Orc:2    | Bought a granite talisman for 1120 gold pieces
 23149 | Orc:2    | Bought a +4 ring of protection for 504 gold pieces
 23579 | D:13     | Noticed Sonja
 23598 | D:13     | Killed Sonja
 23646 | D:13     | Found Wobyn's Tremendous Tomes.
 23824 | D:13     | Noticed Snorg
 23825 | D:13     | Found a gate to the Vaults.
 23836 | D:13     | Killed Snorg
 24262 | D:13     | Reached skill level 20 in Long Blades
 24805 | D:14     | Found a shimmering blue altar of Sif Muna.
 24898 | D:14     | Noticed Nessos
 24906 | D:14     | Killed Nessos
 25095 | D:14     | Noticed Louise
 25110 | D:14     | Killed Louise
 25246 | D:15     | Entered Level 15 of the Dungeon
 25289 | D:15     | Reached skill level 15 in Fighting
 25411 | D:15     | Found Rit Ryan's Magic Scroll Boutique.
 25414 | D:15     | Found Imaheaf's Magic Scroll Shoppe.
 25417 | D:15     | Found Yleiff's General Store.
 25424 | D:15     | Bought a scroll of blinking for 105 gold pieces
 25429 | D:15     | Bought a scroll of fear for 60 gold pieces
 25679 | D:15     | Found a staircase to the Depths.
 25706 | D:15     | Received a gift from Trog
 25998 | D:15     | Reached skill level 5 in Stealth
 26642 | Swamp:1  | Entered Level 1 of the Swamp
 27080 | Swamp:1  | Reached XP level 16. HP: 149/149 MP: 16/16
 27380 | Swamp:2  | Reached skill level 5 in Throwing
 28498 | Swamp:1  | Identified the +5 great sword of the Forsaken Places
                  | {heavy, Will+} (Trog gifted it to you on level 1 of the
                  | Swamp)
 28498 | Swamp:1  | Received a gift from Trog
 28689 | Swamp:2  | Found a runed translucent gate.
 28689 | Swamp:2  | Found a runed translucent gate.
 28704 | Swamp:2  | Found a runed translucent gate.
 28706 | Swamp:2  | Noticed Sirjeffry24's ghost (adept MiHu)
 29001 | Swamp:2  | Killed Sirjeffry24's ghost
 29223 | Swamp:3  | Found a basalt altar of Yredelemnul.
 30371 | Swamp:3  | Identified the +9 flail of Gamax {heavy, *Rage rElec rPois
                  | rN+}
 30465 | Swamp:4  | Entered Level 4 of the Swamp
 30566 | Swamp:4  | Received a gift from Trog
 30580 | Swamp:4  | Killed from afar by a fire dragon

Illustrated notes

Levels and vault maps discovered:
D:1:      dpeg_arrival_oval, layout_basic, ebering_ecumenical_altar_hall
D:2:      kennysheep_big_flooded_room, layout_basic, basic_altar
D:3:      layout_rooms, grunt_dithmenos_smoke, minmay_goblin_outpost, uniq_pargi
D:4:      layout_basic, overflow_temple_1_default,
          grunt_temple_overflow_diamond, nicolae_elyvilon_peaceful_grove
D:5:      layout_basic, nicolae_figureground_pulse, uniq_duvessa
D:6:      layout_basic, nicolae_ossuary_entry_ruins, minmay_joined_circles
D:7:      layout_cave_pools, zin_scriptorium, minmay_temple_entry_poolview,
          serial_column_ruins, column_ruins_hut, column_ruins_hut,
          column_ruins_open_medium, column_ruins_columns_dead_end,
          column_ruins_grid_1, column_ruins_corridor_dead_end,
          column_ruins_corridor_straight, column_ruins_grid_3,
          grunt_ministairs_7, hangedman_abyss_or_decor_lesser_grid,
          nicolae_island_escapes, uniq_maggie, uniq_jeremiah
D:8:      layout_basic, regret_index_temple_of_mockery, lightli_minifort,
          uniq_psyche, uniq_prince_ribbit1
D:9:      layout_rooms, mainiacjoe_overflow_paths, serial_shops, shop,
          enter_bailey_5
D:10:     layout_cave_pools, nicolae_uskayaw_en_pointe, serial_park,
          serial_park_square1 [serial_park_minivault_5x5_3], serial_park_square1
          [serial_park_minivault_5x5_6], serial_park_square1
          [serial_park_minivault_5x5_1], serial_park_tiny_1
D:11:     layout_irregular_city, dpeg_oklobed_lair, brannock_xom_greatest_gift
D:12:     layout_rooms, orc_0_dummy, gauntlet_entry_generic
D:13:     layout_loops_ring, skrybe_vaults_entry_preservation,
          nicolae_shop_i_like_big_books, minmay_misc_feat_alley, uniq_snorg,
          uniq_sonja
D:14:     layout_gridville, led_sif_pool, uniq_louise, uniq_nessos
D:15:     hangedman_depths_entry_try_elsewhere_first, layout_irregular_city,
          nrook_mini_backslash, nicolae_wooded_promenade, minivault_19
Temple:   jpeg_temple_clearing
Lair:1:   layout_gridlike, patterned_corridor
Lair:2:   layout_small_grid, spider_nest_entry_funnel_web, uniq_nergalle
Lair:3:   cheibrodos_magma_flow, layout_cave_pods,
          alex1729_swamp_entry_worm_eleionoma, basic_altar, grunt_megastairs_5,
          lemuel_fruit_fields, serial_bayou_shore_a, lemuel_fruit_fields,
          uniq_kirke
Lair:4:   layout_gridlike, minmay_slime_entry_eyes, uniq_urug
Lair:5:   minmay_lair_end_frog_pond, layout_long_grid, minivault_19,
          minivault_24, infiniplex_staircase_pool
Swamp:1:  layout_basic_swamp, evilmike_swamp_ruin_house_1
Swamp:2:  nicolae_swamp_tree_isthmus, layout_basic_swamp,
          gammafunk_ghost_hydra_chop, evilmike_swamp_ruin_house_5, swamp_pool1,
          st_swamp_ruins_1
Swamp:3:  layout_falls_marsh, hangedman_swamp_ruin_wall, swamp_pool4,
          grunt_ruined_hall
Swamp:4:  swamp_fiery, layout_basic_swamp, swamp_pool2
Orc:1:    dreamdust_wu_jian_sword_trials, layout_caves, uniq_josephine,
          uniq_fannar
Orc:2:    grunt_orc_gardens, layout_diamond_mine, grunt_orc_garden,
          grunt_orc_garden, grunt_orc_garden, grunt_orc_garden, rock_pile

Skill      XL: |  1  2  3  4  5  6  7  8  9 10 11 12 13 14 15 16 |
---------------+-------------------------------------------------+-----
Dodging        | 3 5 7 8 10 11 12 13 | 13.5
Long Blades    | 4 5 6 8 9 11 12 13 15 16 18 19 20 | 20.9
Fighting       | 6 8 10 12 13 14 15 17 | 17.1
Throwing       | 2 4 6 |  6.5
Stealth        | 2 5 7 |  7.0

Action                     |  1- 3 |  4- 6 |  7- 9 | 10-12 | 13-15 | 16-18 || total
---------------------------+-------+-------+-------+-------+-------+-------++-------
  Melee: Falchion          |    73 |   182 |   320 |   344 |       |       ||   919
         Tailslap          |     5 |    27 |    51 |   100 |   229 |    55 ||   467
         Unarmed           |       |       |       |     7 |       |       ||     7
         Great sword       |       |       |       |   190 |  1261 |   266 ||  1717
  Throw: Dart              |     8 |     7 |    26 |    42 |    60 |       ||   143
         Javelin           |       |       |       |       |     5 |       ||     5
         Boomerang         |       |       |       |       |       |    26 ||    26
 Invoke: Berserk           |       |       |     1 |    23 |    16 |     2 ||    42
         Trog's Hand       |       |       |       |     4 |     4 |       ||     8
         Brothers in Arms  |       |       |       |       |     1 |     1 ||     2
  Evoke: Wand              |       |       |     7 |       |       |       ||     7
    Use: Scroll            |       |     4 |    17 |    12 |     8 |     2 ||    43
         Potion            |       |       |     7 |       |     1 |     1 ||     9
   Stab: Distracted        |       |       |     1 |       |     4 |     1 ||     6
         Sleeping          |       |       |       |       |    15 |     3 ||    18
         Confused          |       |       |       |       |     1 |     1 ||     2
 Armour: Skin              |    38 |   114 |   357 |   326 |   824 |   265 ||  1924
  Dodge: Dodged            |    55 |   167 |   300 |   488 |  1118 |   361 ||  2489
  Block: Other             |       |       |       |    34 |   276 |    84 ||   394
         Reflection        |       |       |       |       |    10 |       ||    10
         Form:             |       |       |       |       |     1 |       ||     1
         Statue            |       |       |       |       |     1 |       ||     1

Table legend: (Time is in decaauts)
 A = Elapsed time spent in this place.
 B = Non-inter-level travel time spent in this place.
 C = Inter-level travel time spent in this place.
 D = Time resting spent in this place.
 E = Time spent auto-exploring this place.
 F = Levels seen in this place.
 G = Mean time per level.
                   A        B        C        D        E       F      G
               +--------+--------+--------+--------+--------+-----+--------+
         Total |  30753 |  29009 |   1744 |   6602 |  16806 |  30 | 1025.1 |
       Dungeon |  14684 |  13791 |    893 |   2425 |   8727 |  15 |  978.9 |
        Temple |     33 |      4 |     29 |      0 |      0 |   1 |   33.0 |
          Lair |   7159 |   6632 |    527 |   1222 |   4221 |   5 | 1431.8 |
         Swamp |   3938 |   3837 |    101 |   1041 |   2140 |   4 |  984.5 |
  Orcish Mines |   3400 |   3207 |    193 |   1500 |   1207 |   2 | 1700.0 |
       Ossuary |    357 |    357 |      0 |      0 |    254 |   1 |  357.0 |
        Bailey |    432 |    432 |      0 |     19 |    235 |   1 |  432.0 |
      Gauntlet |    747 |    747 |      0 |    393 |     21 |   1 |  747.0 |
               +--------+--------+--------+--------+--------+-----+--------+

Top non-repeatable levels by time:
   Orc:1: 2026 daAuts
  Lair:3: 1945 daAuts
  Lair:4: 1700 daAuts
     D:6: 1564 daAuts
 Swamp:2: 1428 daAuts
   Orc:2: 1373 daAuts
 Swamp:1: 1330 daAuts
     D:5: 1285 daAuts
    D:13: 1264 daAuts
    D:15: 1218 daAuts
  Lair:1: 1198 daAuts
  Lair:2: 1188 daAuts
  Lair:5: 1125 daAuts
     D:7: 1097 daAuts
 Swamp:3: 1067 daAuts
